 Dungeon Crawl Stone Soup version 0.22.0-49-gab54619 (webtiles) character file.

23069 poirepourri the Blocker (level 12, -10/122 HPs)
             Began as a Deep Dwarf Fighter on Sept 4, 2018.
             Was an Elder of Makhleb.
             Mangled by a spiny frog (11 damage)
             ... on level 5 of the Lair of Beasts.
             The game lasted 00:10:07 (11028 turns).

poirepourri the Blocker (Deep Dwarf Fighter)       Turns: 11028, Time: 00:10:09

Health: -10/122    AC:  9    Str: 25    XL:     12   Next: 68%
Magic:  13/13      EV: 10    Int: 10    God:    Makhleb [****..]
Gold:   418        SH: 18    Dex: 16    Spells: 11/11 levels left

rFire    . . .     SeeInvis +   b - +1 long sword of Watchfulness {flame, rElec Stlth+}
rCold    . . .     Gourm    .   c - +4 shield
rNeg     . . .     Faith    .   y - +3 ring mail {MR+}
rPois    .         Spirit   .   (no helmet)
rElec    +         Reflect  .   z - scarf {repulsion}
rCorr    .         Harm     .   A - +0 pair of gloves
MR       ++...                  (no boots)
Stlth    ++........             G - amulet of the acrobat
HPRegen  0.00/turn              P - +6 ring of slaying
MPRegen  0.13/turn              F - ring of see invisible

@: mighty, lethally poisoned (-10 -> -10), non-regenerating, repel missiles
A: damage resistance, heal wounds, sense surroundings 2, no regeneration
a: Heal Wounds, Minor Destruction, Lesser Servant of Makhleb, Major Destruction,
Renounce Religion


You were on level 5 of the Lair of Beasts.
You worshipped Makhleb.
Makhleb was greatly pleased with you.
You were not hungry.

You visited 3 branches of the dungeon, and saw 16 of its levels.

You collected 896 gold pieces.
You spent 478 gold pieces at shops.

Inventory:

Hand Weapons
 a - a +4 war axe of freezing
 b - the +1 long sword of Watchfulness (weapon) {flame, rElec Stlth+}
   (You found it on level 10 of the Dungeon)

   It has been specially enchanted to burn those struck by it, causing extra
   injury to most foes and up to half again as much damage against particularly
   susceptible opponents.
   Big, fiery blades are also staple armaments of hydra-hunters.
   It insulates you from electricity.
   It makes you more stealthy.
Missiles
 o - 59 bolts
 w - 14 tomahawks (quivered)
 x - 2 throwing nets
 L - 7 javelins
Armour
 c - a +4 shield (worn)
 y - a +3 ring mail of magic resistance (worn)
 z - a scarf of repulsion (worn)
 A - a +0 pair of gloves (worn)
Jewellery
 p - an uncursed ring of teleportation
 B - a +4 ring of intelligence
 D - a cursed -2 ring of evasion {unknown}
 F - a ring of see invisible (right hand)
 G - an amulet of the acrobat (around neck)
 I - an uncursed ring of resist corrosion {unknown}
 J - a cursed amulet of inaccuracy {unknown}
 O - an uncursed ring of protection from magic {unknown}
 P - a +6 ring of slaying (left hand)
 Q - an uncursed ring of resist corrosion {unknown}
 V - an uncursed ring of protection from magic {unknown}
Wands
 i - a wand of random effects (91)
 r - a wand of iceblast (29)
 u - a wand of flame (81)
 v - a wand of enslavement (12)
 H - a wand of polymorph (12)
Scrolls
 d - 4 scrolls of remove curse
 n - 8 scrolls of teleportation
 q - 2 scrolls of fear
 s - 2 scrolls of amnesia
 t - 4 scrolls of blinking
 N - 2 scrolls of magic mapping
 R - a scroll of fog
 T - a scroll of vulnerability {unknown}
 U - a scroll of identify
Potions
 e - 3 potions of brilliance
 g - a potion of resistance
 h - 3 potions of mutation
 j - 2 potions of lignification
 k - a potion of haste
 l - 7 potions of flight
 m - 8 potions of curing
 C - a potion of agility {unknown}
 E - 2 potions of degeneration {unknown}
 M - a potion of might
 S - a potion of invisibility {unknown}
Miscellaneous
 K - a lightning rod (4/4)
Comestibles
 f - 21 rations


   Skills:
 - Level 12.3 Fighting
 - Level 12.1 Axes
 - Level 3.2 Armour
 + Level 12.5 Shields
 - Level 8.0 Evocations


You had 11 spell levels left.
You didn't know any spells.
Your spell library contained the following spells:

 Spells                   Type           Power        Failure   Level  Hunger
 Confusing Touch          Hex            #.....       61%         1    ##.....
 Shock                    Conj/Air       #...         61%         1    ##.....
 Poisonous Vapours        Pois/Air       #.....       75%         2    ###....
 Swiftness                Chrm/Air       #.......     75%         2    ###....
 Confuse                  Hex            #.......     93%         3    ####...
 Conjure Flame            Conj/Fire      #.......     93%         3    ####...
 Gell's Gravitas          Tloc           #.........   93%         3    ####...
 Mephitic Cloud           Conj/Pois/Air  #.......     93%         3    ####...
 Static Discharge         Conj/Air       #.......     93%         3    ####...
 Airstrike                Air            #.........   100%        4    #####..
 Petrify                  Tmut/Erth      #.......     100%        4    #####..
 Lightning Bolt           Conj/Air       #.........   100%        5    ######.
 Metabolic Englaciation   Hex/Ice        #.........   100%        5    ######.
 Yara's Violent Unravell  Hex/Tmut       #.........   100%        5    ######.
 Freezing Cloud           Conj/Ice/Air   #.........   100%        6    #######
 Ring of Flames           Chrm/Fire      #.........   100%        7    #######
 Ignition                 Fire           #.........   100%        8    #######
 Shatter                  Erth           #.........   100%        9    #######
 Tornado                  Air            #.........   100%        9    #######


Dungeon Overview and Level Annotations

Branches:
Dungeon (10/15)            Temple (1/1) D:7            Lair (5/6) D:9
 Shoals (0/4) Lair:4        Snake (0/4) Lair:3
  Slime: Lair:5-6       Orc: D:9-12

Altars:
Ashenzari
Cheibriados
Dithmenos
Elyvilon
Fedhas
Gozag
Hepliaklqana
Kikubaaqudgha
Makhleb
Nemelex Xobeh
Okawaru
Qazlal
Ru
Sif Muna
Trog
Uskayaw
Vehumet
Wu Jian
Xom
Yredelemnul
Zin
The Shining One

Shops:
D:7 }   D:8 [   D:10 %

Annotations:
Lair:5 exclusion: oklob plant


Innate Abilities, Weirdness & Mutations

You are resistant to damage.
You can heal yourself by infusing magical energy.
You passively map the area around you.
You do not regenerate.


Message History

The six-headed hydra is severely wounded.
You block the six-headed hydra's attack.
The six-headed hydra bites you but does no damage.
You block the six-headed hydra's attack.
The six-headed hydra bites you!
* * * LOW HITPOINT WARNING * * *
The six-headed hydra bites you!
* * * LOW HITPOINT WARNING * * *
The six-headed hydra closely misses you.
The spiny frog barely misses you.
The six-headed hydra bites you but does no damage.
The six-headed hydra bites you!
* * * LOW HITPOINT WARNING * * *
The six-headed hydra bites you!
* * * LOW HITPOINT WARNING * * *
The six-headed hydra bites you but does no damage.
The six-headed hydra closely misses you.
The six-headed hydra bites you but does no damage.
The spiny frog stings you!
You die...

.............. , , , ....
.................... ..,
.... ...................,
..., ...#
................... ...⌠,
....
..................##....,
....
................#.....#.
,, ....
######..##..............
,,, #... #
#...##.......D...# ,,,
,#... ##..#......#@F# ,
.... ##..#.......+......,
, .#.. #........#........
,,* ##P
#.....P†##.!......, * ,
## , ##.....#.......... ,
, #.........P......** * ,
#................# * * ,
#................** * , ,
.................. * *


You could see a six-headed hydra and a spiny frog.

Vanquished Creatures
  A hydra (Lair:5)
  5 death yaks (Lair:5)
  2 unseen horrors
  A flayed ghost (D:10)
  A merfolk siren (Lair:4)
  Joseph (D:7)
  3 black mambas
  10 spiny frogs
  2 komodo dragons
  3 rime drakes
  3 blink frogs (Lair:3)
  3 hippogriffs
  Prince Ribbit (D:7)
  A spriggan (D:7)
  A wyvern (D:9)
  A vampire (D:9)
  4 wraiths (D:10)
  A shadow (D:10)
  2 fire bats (D:10)
  14 yaks
  A hungry ghost (D:10)
  3 nagas (Lair:3)
  7 water moccasins
  8 porcupines
  Duvessa (D:7)
  2 orc warriors
  An eye of draining (D:9)
  4 ice beasts
  2 sky beasts
  2 necrophages
  A boggart (D:10)
  4 wolves (Lair:2)
  4 ogres
  4 centaurs
  5 crocodiles
  A big kobold (D:9)
  13 bullfrogs
  Dowan (D:7)
  3 killer bees (D:10)
  2 electric eels (D:10)
  2 howler monkeys
  4 crimson imps
  2 bullfrog zombies
  A centaur zombie (D:9)
  A quasit (D:10)
  5 hounds
  A jelly (D:5)
  A gnoll shaman (D:5)
  9 orc priests
  6 orc wizards
  2 iguanas
  8 worker ants
  A worker ant zombie (D:10)
  16 gnolls
  A howler monkey skeleton (D:6)
  8 adders
  An ooze (D:3)
  An adder zombie (D:9)
  2 worms
  5 leopard geckos
  30 orcs
  A ball python (D:1)
  17 bats
  2 giant cockroaches
  9 goblins
  4 hobgoblins
  6 jackals
  4 quokkas
  4 frilled lizards
  A jackal skeleton (D:7)
  9 kobolds
  A quokka skeleton (D:9)
  A quokka zombie (D:5)
  5 rats
  A fungus (Lair:2)
301 creatures vanquished.

Vanquished Creatures (others)
  A fungus (Lair:2)
  2 plants (Lair:5)
3 creatures vanquished.

Grand Total: 304 creatures vanquished

Notes
Turn   | Place    | Note
-------+----------+-------------------------------------------
     0 | D:1      | poirepourri the Deep Dwarf Fighter began the quest for the
                  | Orb.
     0 | D:1      | Reached XP level 1. HP: 20/20 MP: 1/1
    61 | D:1      | Reached XP level 2. HP: 21/27 MP: 2/2
   865 | D:2      | Reached XP level 3. HP: 21/33 MP: 3/3
  1418 | D:3      | Reached skill level 5 in Axes
  1418 | D:3      | Reached XP level 4. HP: 23/40 MP: 4/4
  1452 | D:3      | Reached XP level 5. HP: 46/46 MP: 5/5
  1601 | D:3      | Found a glowing silver altar of Zin.
  1610 | D:3      | Found a snail-covered altar of Cheibriados.
  1800 | D:3      | Noticed an ice beast
  1813 | D:3      | Killed an ice beast
  1813 | D:3      | Reached XP level 6. HP: 41/55 MP: 6/6
  2227 | D:4      | Found a radiant altar of Vehumet.
  2565 | D:5      | Entered Level 5 of the Dungeon
  2786 | D:5      | Reached XP level 7. HP: 39/61 MP: 6/6
  3739 | D:6      | Reached skill level 10 in Axes
  3875 | D:6      | Reached XP level 8. HP: 60/68 MP: 7/7
  4178 | D:6      | Found a hazy altar of Hepliaklqana.
  4492 | D:7      | Noticed Prince Ribbit
  4513 | D:7      | Killed Prince Ribbit
  4561 | D:7      | Noticed Dowan
  4562 | D:7      | Noticed Duvessa
  4580 | D:7      | Killed Dowan
  4581 | D:7      | Killed Duvessa
  4613 | D:7      | Found a staircase to the Ecumenical Temple.
  4631 | D:7      | Found Syphaum's Gadget Shoppe.
  4634 | Temple   | Entered the Ecumenical Temple
  4854 | Temple   | Became a worshipper of Makhleb the Destroyer
  4991 | D:7      | Noticed Joseph
  5004 | D:7      | Killed Joseph
  5004 | D:7      | Reached skill level 5 in Fighting
  5004 | D:7      | Gained mutation: You passively map the area around you.
                  | [Deep Dwarf growth]
  5004 | D:7      | Reached XP level 9. HP: 75/81 MP: 7/7
  5416 | D:8      | Found Hudiw's Armour Shoppe.
  5427 | D:8      | Bought a +3 ring mail of magic resistance for 338 gold
                  | pieces
  5991 | D:9      | Found a staircase to the Lair.
  6084 | D:9      | Reached * piety under Makhleb
  6132 | D:9      | Found a blossoming altar of Fedhas.
  6145 | D:9      | Reached XP level 10. HP: 64/98 MP: 1/6
  6193 | D:9      | Noticed an unseen horror
  6197 | D:9      | Killed an unseen horror
  6390 | D:9      | Found a sacrificial altar of Ru.
  6401 | D:9      | Reached ** piety under Makhleb
  6621 | D:10     | Entered Level 10 of the Dungeon
  6627 | D:10     | Reached skill level 10 in Fighting
  6767 | D:10     | Found Postracko's Food Shop.
  6774 | D:10     | Bought a ration for 70 gold pieces
  6774 | D:10     | Bought a ration for 70 gold pieces
  6894 | D:10     | Noticed an unseen horror
  6900 | D:10     | Killed an unseen horror
  7044 | D:10     | Found a runed door.
  7052 | D:10     | Found a white marble altar of Elyvilon.
  7099 | D:10     | Found a deep blue altar of Sif Muna.
  7116 | D:10     | Found an ornate altar of the Wu Jian Council.
  7160 | D:10     | Found a basalt altar of Yredelemnul.
  7186 | D:10     | Found a stormy altar of Qazlal.
  7195 | D:10     | Found a blossoming altar of Fedhas.
  7256 | D:10     | Reached *** piety under Makhleb
  7260 | D:10     | Reached XP level 11. HP: 100/114 MP: 6/6
  7520 | D:10     | Found a stormy altar of Qazlal.
  7831 | D:10     | Noticed a flayed ghost
  7850 | D:10     | Killed a flayed ghost
  7857 | D:10     | Got an ancient long sword
  7858 | D:10     | Identified the +1 long sword of Watchfulness {flame, rElec
                  | Stlth+} (You found it on level 10 of the Dungeon)
  8016 | Lair:1   | Entered Level 1 of the Lair of Beasts
  8158 | Lair:1   | Reached skill level 1 in Evocations
  8760 | Lair:2   | Found a labyrinth entrance.
  8801 | Lair:2   | Reached skill level 5 in Evocations
  9355 | Lair:3   | Found a staircase to the Snake Pit.
  9429 | Lair:3   | Reached skill level 5 in Shields
  9617 | Lair:3   | Reached **** piety under Makhleb
 10161 | Lair:4   | Reached XP level 12. HP: 85/122 MP: 13/13
 10454 | Lair:4   | Found a staircase to the Shoals.
 10775 | Lair:5   | Reached skill level 10 in Shields
 10926 | Lair:5   | Noticed a six-headed hydra
 10936 | Lair:5   | Killed a one-headed hydra
 10949 | Lair:5   | Noticed a death yak
 10951 | Lair:5   | Noticed a death yak
 10952 | Lair:5   | Noticed a death yak
 10954 | Lair:5   | Noticed a death yak
 10954 | Lair:5   | Noticed a death yak
 10968 | Lair:5   | Killed a death yak
 10970 | Lair:5   | Killed a death yak
 10971 | Lair:5   | Killed a death yak
 10972 | Lair:5   | Killed a death yak
 10986 | Lair:5   | Killed a death yak
 11016 | Lair:5   | Noticed a seven-headed hydra
 11028 | Lair:5   | HP: 1/122 [six-headed hydra (8)]
 11028 | Lair:5   | Mangled by a spiny frog

Skill      XL: |  1  2  3  4  5  6  7  8  9 10 11 12 |
---------------+-------------------------------------+-----
Axes           | 3 5 7 8 10 12 | 12.1
Fighting       | 5 8 11 12 | 12.3
Evocations     | 8 |  8.0
Shields        | 8 12 | 12.5
Armour         | |  3.2

Action                   |  1- 3 |  4- 6 |  7- 9 | 10-12 || total
-------------------------+-------+-------+-------+-------++-------
Melee: War axe           |   113 |   105 |   306 |   401 ||   925
       Long sword        |       |       |       |    12 ||    12
 Abil: Heal Wounds       |       |     2 |    13 |    11 ||    26
Evoke: Wand              |       |       |       |     2 ||     2
       Lightning rod     |       |       |       |     2 ||     2
  Use: Scroll            |     8 |     5 |     8 |     9 ||    30
       Potion            |       |     1 |     1 |     6 ||     8
  Eat: Ration            |     1 |     1 |     3 |     5 ||    10
       Chunk             |       |       |     1 |     1 ||     2
Armor: Scale mail        |    65 |    31 |    77 |       ||   173
       Ring mail         |       |       |    12 |    94 ||   106
Dodge: Dodged            |    47 |    24 |    77 |   128 ||   276
       Deflected         |       |       |     2 |     6 ||     8
Block: Shield            |    71 |    61 |   191 |   280 ||   603
       Rpst.: Long sword |       |       |       |     2 ||     2
